 Dungeon Crawl Stone Soup version 0.31-a0-1110-gab2881137f (webtiles) character file.

Game seed: 7689869550805761795

153976 Cyberpsycho the Warrior (level 17, 0/163 HPs)
             Began as a Minotaur Gladiator on Dec 3, 2023.
             Was an Initiate of Gozag.
             Slain by a frost giant
             ... wielding a +2 battleaxe of freezing
              (11 damage)
             ... on level 1 of the Shoals.
             The game lasted 04:03:56 (31865 turns).

Cyberpsycho the Warrior (Minotaur Gladiator)       Turns: 31865, Time: 04:03:56

Health: 0/163      AC: 31    Str: 27    XL:     17   Next: 5%
Magic:  16/16      EV: 19    Int: 10    God:    Gozag
Gold:   2065       SH:  0    Dex: 15    Spells: 15/16 levels left

rFire   + + +        l - +9 broad axe (vamp)
rCold   . . .        S - orb {mayhem}
rNeg    + . .        V - +0 pearl dragon scales
rPois   +            h - +2 hat {Stlth+}
rElec   +            Q - +2 cloak
rCorr   .            f - +0 pair of gloves "Liupanlo" {rElec rF+ Regen+ Int+2}
SInv    +            I - +0 pair of boots of Ycsol {rF++ SInv}
Will    +....        N - amulet of regeneration
Stlth   +            r - ring of Jempaam {AC+4 Int+3}
HPRegen 2.07/turn    t - ring "Qouff" {rPois Str+3 SInv}
MPRegen 0.15/turn

%: mayhem
@: studying Polearms
A: horns 2, retaliatory headbutt
a: Renounce Religion, Potion Petition, Call Merchant, Bribe Branch


You were on level 1 of the Shoals.
You worshipped Gozag.
Gozag was most pleased with you.
You visited 6 branches of the dungeon, and saw 25 of its levels.
You also visited: Sewer, Gauntlet and Desolation.

You collected 8028 gold pieces.
You spent 4776 gold pieces at shops.
You paid 1187 gold pieces to Gozag.

Inventory:

Hand Weapons
 l - a +9 vampiric broad axe (weapon)
 y - the +11 whip of Rubbish {speed, Int+3}
   (You found it on level 4 of the Dungeon)

   Int+3:     It affects your intelligence (+3).
Missiles
 d - 14 throwing nets
 n - 2 javelins
 G - 5 silver javelins
Armour
 f - the +0 pair of gloves "Liupanlo" (worn) {rElec rF+ Regen+ Int+2}
   (You acquired it on level 11 of the Dungeon)

   Int+2:     It affects your intelligence (+2).
   rF+:       It protects you from fire.
   rElec:     It insulates you from electricity.
   Regen+:    It increases your rate of health regeneration.
 h - a +2 hat of stealth (worn)
 I - the +0 pair of boots of Ycsol (worn) {rF++ SInv}
   (You found it in a Gauntlet)

   rF++:      It greatly protects you from fire.
   SInv:      It lets you see invisible.
 Q - a +2 cloak (worn)
 S - an orb of mayhem (worn)
 V - +0 pearl dragon scales (worn)
Magical Staves
 k - the staff "Wiazias" {Fly rElec rC+ rN+ Necro}
   (You found it on level 2 of the Lair of Beasts)

   [staff of death]

   Base accuracy: +5 Base damage: 5 Base attack delay: 1.2 This weapon's minimum
   attack delay (0.6) is reached at skill level 12.
   rC+:       It protects you from cold.
   rElec:     It insulates you from electricity.
   rN+:       It protects you from negative energy.
   Fly:       It grants you flight.
   Necro:     It increases the power of your Necromancy spells.
   It falls into the 'Staves' category.
   It is a one-handed weapon.
Jewellery
 e - a +4 ring of protection
 i - a +6 ring of intelligence
 r - the ring of Jempaam (left hand) {AC+4 Int+3}
   (You took it off an imperial myrmidon in the Desolation of Salt)

   [ring of protection]

   AC+4:      It affects your AC (+4).
   Int+3:     It affects your intelligence (+3).
 s - a ring of protection from cold
 t - the ring "Qouff" (right hand) {rPois Str+3 SInv}
   (You took it off a servant of whispers in the Desolation of Salt)

   [ring of poison resistance]

   Str+3:     It affects your strength (+3).
   rPois:     It protects you from poison SInv: It lets you see invisible.
 v - an amulet of reflection
 w - a ring of resist corrosion
 N - an amulet of regeneration (around neck)
 O - a +4 ring of slaying
Wands
 a - a wand of flame (21)
 p - a wand of paralysis (7)
 x - a wand of digging (3)
 J - a wand of quicksilver (6)
Scrolls
 c - a scroll of vulnerability
 g - 8 scrolls of enchant armour
 j - 7 scrolls of immolation
 o - 2 scrolls of fog
 A - 3 scrolls of revelation
 H - 2 scrolls of fear (quivered)
 K - 14 scrolls of teleportation
 M - a scroll of enchant weapon
 X - a scroll of poison
 Y - 2 scrolls of acquirement
 Z - 2 scrolls of blinking
Potions
 b - a potion of cancellation
 m - 13 potions of curing
 q - 5 potions of brilliance
 u - 5 potions of lignification
 z - 2 potions of heal wounds
 B - 6 potions of enlightenment
 C - 4 potions of might
 D - 4 potions of haste
 E - a potion of berserk rage
 F - a potion of magic
 L - 2 potions of ambrosia
 T - 2 potions of attraction


   Skills:
 - Level 18.0 Fighting
 + Level 13.2(15.0) Axes
 - Level 11.7(14.6) Maces & Flails
 - Level 5.2(9.2) Staves
 - Level 2.0 Throwing
 - Level 18.0 Armour
 - Level 17.0 Dodging
 - Level 5.4 Earth Magic
 - Level 6.0 Evocations


You had 15 spell levels left.
You knew the following spells:

 Your Spells              Type           Power      Damage    Failure   Level
a - Sandblast             Erth           20%        2d7       8%          1

Your spell library contained the following spells:

 Spells                   Type           Power      Damage    Failure   Level
 Passwall                 Tmut/Erth      4%         N/A       34%         2
 Apportation              Tloc           0%         N/A       56%         1
 Magic Dart               Conj           0%         1d3       56%         1
 Stone Arrow              Conj/Erth      10%        3d7       56%         3
 Call Imp                 Summ           0%         N/A       71%         2
 Jinxbite                 Hex            0%         N/A       71%         2
 Lesser Beckoning         Tloc           0%         N/A       71%         2
 Sublimation of Blood     Necr           0%         N/A       71%         2
 Gell's Gravitas          Tloc           0%         N/A       91%         3
 Inner Flame              Hex/Fire       0%         N/A       91%         3
 Mephitic Cloud           Conj/Pois/Air  0%         N/A       91%         3
 Teleport Other           Tloc           0%         N/A       91%         3
 Brom's Barrelling Bould  Conj/Erth      5%         2d3       93%         4
 Petrify                  Tmut/Erth      5%         N/A       93%         4
 Dimensional Bullseye     Hex/Tloc       0%         N/A       100%        4
 Flame Wave               Conj/Fire      0%         2d4       100%        4
 Olgreb's Toxic Radiance  Pois           0%         N/A       100%        4
 Passage of Golubria      Tloc           0%         N/A       100%        4
 Sticky Flame             Conj/Fire      0%         2d3       100%        4
 Vhi's Electric Charge    Tloc/Air       0%         N/A       100%        4
 Alistair's Intoxication  Tmut/Pois      0%         N/A       100%        5
 Arcjolt                  Conj/Air       0%         1d10      100%        5
 Fireball                 Conj/Fire      0%         3d3       100%        5
 Irradiate                Conj/Tmut      0%         3d11      100%        5
 Iskenderun's Battlesphe  Conj           0%         2d6       100%        5
 Conjure Ball Lightning   Conj/Air       0%         3x3d6     100%        6
 Plasma Beam              Fire/Air       0%         2x1d10    100%        6
 Malign Gateway           Summ/Tloc      0%         N/A       100%        7
 Monstrous Menagerie      Summ           0%         N/A       100%        7
 Orb of Destruction       Conj           0%         9d5       100%        7
 Discord                  Hex            0%         N/A       100%        8
 Ignition                 Fire           0%         3d3       100%        8
 Dragon's Call            Summ           0%         N/A       100%        9


Dungeon Overview and Level Annotations

Branches:
Dungeon (15/15)            Temple (1/1) D:7            Lair (5/5) D:11
 Shoals (1/4) Lair:2        Snake (0/4) Lair:3        Slime (0/5) Lair:5
    Orc (2/2) D:11            Elf (1/3) Orc:2        Vaults (0/5) D:13
 Depths (0/4) D:15          Sewer (visited)         Desolation (visited)
Gauntlet (visited)

Altars:
Ashenzari
Cheibriados
Dithmenos
Elyvilon
Fedhas
Gozag
Hepliaklqana
Kikubaaqudgha
Makhleb
Nemelex Xobeh
Okawaru
Qazlal
Ru
Sif Muna
Trog
Uskayaw
Vehumet
Wu Jian
Xom
Yredelemnul
Zin
The Shining One
Jiyva

Shops:
D:1 !!   D:3 ?   D:4 *   D:11 ?   Orc:1 (   Orc:2 ?=(=   Elf:1 *!!

Portals:
Abyss: Orc:1


Innate Abilities, Weirdness & Mutations

You have a pair of horns on your head.
You reflexively headbutt those who attack you in melee.


Message History

The frost giant hits you with a +2 battleaxe of freezing!!!
The frost giant freezes you.
You slice the frost giant!! You headbutt the frost giant!
The frost giant is moderately wounded.
The frost giant misses you.
The frost giant hits you with a +2 battleaxe of freezing!!
The frost giant freezes you.
You are too injured to fight recklessly!
You are too injured to fight recklessly!
You are too injured to fight recklessly!
You are too injured to fight recklessly!
You are too injured to fight recklessly!
Cleave: l) +9 broad axe (vamp)
Press: ? - help, Dir - move target, f - frost giant
Aim: a frost giant, wielding a +2 battleaxe of freezing (moderately wounded, fast, strong, frenzied and wild, about 9% to evade your +9 vampiric broad axe)
Okay, then.
You slice the frost giant!!
You feel better.
The frost giant is heavily wounded.
The frost giant barely misses you.
You hit the frost giant but do no damage.
The frost giant is heavily wounded.
The frost giant closely misses you.
You slice the frost giant!!
You feel better.
The frost giant is almost dead.
The frost giant hits you with a +2 battleaxe of freezing!!
The frost giant freezes you.
You completely miss the frost giant. Your headbutt misses the frost giant.
The frost giant is almost dead.
The frost giant hits you with a +2 battleaxe of freezing.
The frost giant freezes you.
The frost giant hits you with a +2 battleaxe of freezing!!!
* * * LOW HITPOINT WARNING * * *
The frost giant freezes you!
* * * LOW HITPOINT WARNING * * *
You feel much better.
The frost giant hits you with a +2 battleaxe of freezing!!
* * * LOW HITPOINT WARNING * * *
The frost giant freezes you!
You die...
Your body crumbles into a pile of gold.

~≈≈≈.#..~...###....~~~≈≈≈
..#########..####...~~≈≈≈
.# ###.....~~~~≈≈≈
.###.....~~~≈≈≈≈
..###.....~~≈≈≈≈
..8##......~≈≈≈≈
##.~###......~~~≈≈ ~
##C..##........~~≈≈ ..
##.@~# ##.......~~≈≈ ...
#..~#####......~~~≈≈
....###..###..'.(....~~~≈≈
....##~$###.~##......~~~≈≈
....##~.##..###......~~~≈≈
.).8##~.#8.~##......~~~~≈≈
$!) ##....~##......~~~~≈≈
## ####~..(##......~~~~~≈≈
##~####.###~~...~~~~~~~≈


You could see a neutral frost giant (fast, strong, frenzied).

Vanquished Creatures
  Gastronok (Lair:1)
  Frances (D:12)
  An azure jelly (Lair:5)
  2 imperial myrmidons (Desolation)
  An orc warlord (Orc:1)
  A very ugly thing (Orc:1)
  An ironbound preserver (D:13)
  2 halazid warlocks (Desolation)
  The ghost of Defao the Fighter, a journeyman MiBe of Trog (Orc:1)
  A deep elf annihilator (Elf:1)
  A minotaur (Gauntlet)
  The ghost of Jelor the Carver, a journeyman DrIE of Vehumet (Lair:3)
  3 crystal guardians (Desolation)
  A fire dragon (Elf:1)
  5 ragged hierophants (Desolation)
  The ghost of blanketernal the Cruncher, a journeyman MiGl of Gozag (Lair:1)
  Harold (Lair:1)
  The ghost of Gejouske the Cleaver, a journeyman GrFi of Okawaru (Lair:2)
  A great orb of eyes (Orc:1)
  6 hydras
  10 peacekeepers
  7 servants of whispers (Desolation)
  2 catoblepae
  Erolcha (D:9)
  4 ogre magi (Orc:2)
  7 boulder beetles
  7 centaur warriors
  A merfolk avatar (Shoals:1)
  A merfolk aquamancer (Shoals:1)
  9 death yaks
  3 dancing weapons
  9 two-headed ogres (Orc:2)
  A deep troll shaman (Lair:5)
  A tengu warrior (D:14)
  A deep troll earth mage (D:15)
  A thrashing horror (Orc:1)
  2 death scarabs (Gauntlet)
  5 deep elf knights
  Amaemon (Lair:1)
  A skyshark (Lair:4)
  A sea snake (Shoals:1)
  4 swamp dragons (Lair:2)
  7 deep elf zephyrmancers
  3 deep elf archers (Elf:1)
  2 ironbound convokers (Desolation)
  3 orc knights
  5 cyclopes
  3 deep elf pyromancers
  Maurice (Orc:2)
  An oklob plant (Lair:3)
  13 ugly things
  9 manticores
  14 elephants
  3 fauns (Shoals:1)
  A water nymph (shapeshifter) (D:13)
  2 black mambas (Lair:3)
  2 gargoyles
  5 kobold blastminers
  2 merfolk sirens
  A torpor snail (shapeshifter) (Elf:1)
  4 guardian serpents (Desolation)
  An orange demon (Lair:1)
  A molten gargoyle (Desolation)
  Maggie (D:7)
  15 cane toads
  Jeremiah (D:9)
  4 unseen horrors
  5 komodo dragons
  A tengu conjurer (D:14)
  3 efreet
  2 rime drakes
  3 trolls
  2 yaktaurs (D:15)
  A queen bee (shapeshifter) (D:15)
  5 merfolk
  4 polar bears
  2 hornets
  56 saltlings
  A wind drake (Shoals:1)
  7 dream sheep
  9 blink frogs (Lair:3)
  A spectral black mamba (Gauntlet)
  14 slime creatures
  2 centaur simulacra (Gauntlet)
  3 shadows
  3 spriggans (Lair:1)
  A vampire (D:13)
  3 water elementals (Shoals:1)
  4 wyverns
  Grum (Lair:1)
  26 yaks
  7 wraiths
  A steam dragon (shapeshifter) (D:13)
  5 basilisks
  A neqoxec (Orc:1)
  2 spectral komodo dragons (Gauntlet)
  A steam dragon (Lair:1)
  3 vampire mosquitoes
  3 wargs
  A naga (Lair:3)
  3 hell hounds (Elf:1)
  4 acid dragons
  Duvessa (D:7)
  14 water moccasins
  A swamp drake (D:10)
  3 ice beasts
  6 black bears
  12 orc warriors
  An ogre (shapeshifter) (Orc:1)
  18 centaurs
  21 ogres
  18 wolves
  A kobold brigand (D:10)
  2 phantoms
  8 bullfrogs
  2 earth elementals (Elf:1)
  2 scorpions
  2 hornet simulacra
  Dowan (D:7)
  7 wights (D:10)
  4 killer bees (D:9)
  3 howler monkeys
  2 vampire bats (D:10)
  An electric eel (Lair:5)
  A crimson imp (D:10)
  A hound (D:7)
  2 jellies
  8 orc priests
  An iron imp (D:10)
  2 sleepcaps
  5 iguanas
  12 orc wizards
  A boggart simulacrum (Gauntlet)
  7 gnolls
  14 adders
  7 river rats (Sewer)
  A river rat (shapeshifter) (Elf:1)
  3 shadow imps
  4 white imps
  2 ufetubi (D:4)
  3 worms
  4 dart slugs
  47 orcs
  11 ball pythons
  3 bat skeletons (D:10)
  2 bat zombies (D:10)
  16 endoplasms
  7 giant cockroaches
  9 goblins
  10 hobgoblins
  6 jackals
  18 kobolds
  6 quokkas
  3 training dummies (Orc:1)
  15 bats
  4 frilled lizards
  7 rats
778 creatures vanquished.

Vanquished Creatures (collateral kills)
  A boulder beetle (D:13)
  2 two-headed ogres (Orc:2)
  A death yak (Lair:5)
  A deep elf zephyrmancer (Elf:1)
  An ugly thing (D:15)
  An elephant (Lair:2)
  5 saltlings (Desolation)
  2 polar bears
  A slime creature (D:13)
  4 yaks
  2 basilisks
  A naga (Lair:3)
  An orc warrior (D:15)
  4 ogres (Orc:2)
  2 wolves
  A centaur (D:13)
  2 bullfrogs (Lair:3)
  A killer bee (D:9)
  2 orc priests (Orc:1)
  2 orcs (Orc:1)
37 creatures vanquished.

Vanquished Creatures (others)
  2 ragged hierophants (Desolation)
  A deep elf knight (Elf:1)
  A manticore (Shoals:1)
  An elephant (Lair:2)
  2 ugly things
  A worldbinder (Orc:1)
  A guardian serpent (Desolation)
  A spriggan (Lair:1)
  A basilisk (Lair:3)
  A wolf (Lair:2)
  3 centaurs
  A wight (D:10)
  An orc wizard (D:10)
  An orc (D:9)
18 creatures vanquished.

Grand Total: 833 creatures vanquished

Notes
Turn   | Place    | Note
-------+----------+-------------------------------------------
     0 | D:1      | Cyberpsycho the Minotaur Gladiator began the quest for the
                  | Orb.
     0 | D:1      | Reached XP level 1. HP: 18/18 MP: 0/0
   250 | D:1      | Reached XP level 2. HP: 25/25 MP: 1/1
   267 | D:1      | Reached skill level 1 in Armour
   295 | D:1      | Found Plog's Distillery.
   362 | D:1      | Found Nerhox's Distillery.
   390 | D:1      | Reached XP level 3. HP: 31/31 MP: 2/2
  1456 | D:2      | Reached XP level 4. HP: 38/38 MP: 3/3
  1637 | D:3      | Found a blossoming altar of Fedhas.
  1716 | D:3      | Found a sacrificial altar of Ru.
  1838 | D:3      | Found Qygiups's Magic Scroll Shop.
  1846 | D:3      | Bought a scroll of identify for 26 gold pieces
  2189 | D:4      | Noticed a black bear
  2239 | D:4      | Found Minauq's Elemental Accessories.
  2351 | D:4      | Reached XP level 5. HP: 43/45 MP: 4/4
  2444 | D:4      | Killed a black bear
  2445 | D:4      | Reached skill level 5 in Staves
  2573 | D:4      | Found an ancient bone altar of Kikubaaqudgha.
  2573 | D:4      | Found a basalt altar of Yredelemnul.
  2573 | D:4      | Found a sparkling altar of Nemelex Xobeh.
  2573 | D:4      | Found a shimmering blue altar of Sif Muna.
  2573 | D:4      | Found an iron altar of Okawaru.
  2573 | D:4      | Found a radiant altar of Vehumet.
  2576 | D:4      | Reached XP level 6. HP: 51/53 MP: 5/5
  2710 | D:4      | Identified the +11 whip of Rubbish {speed, Int+3}
  2850 | D:4      | Found a radiant altar of Vehumet.
  2864 | D:4      | Reached skill level 1 in Maces & Flails
  2915 | D:4      | Reached skill level 5 in Dodging
  2995 | D:4      | Reached XP level 7. HP: 60/60 MP: 6/6
  3020 | D:4      | Found an iron altar of Okawaru.
  3043 | D:4      | Found a shimmering altar of Xom.
  3150 | D:4      | Reached skill level 5 in Fighting
  3345 | D:5      | Entered Level 5 of the Dungeon
  3430 | D:5      | Found a glowing drain.
  3458 | Sewer    | Entered a sewer
  4243 | D:5      | Noticed a troll
  4278 | D:5      | Killed a troll
  4279 | D:5      | Reached skill level 5 in Armour
  4279 | D:5      | Reached XP level 8. HP: 43/70 MP: 7/7
  5359 | D:6      | Reached skill level 5 in Maces & Flails
  5486 | D:6      | Reached XP level 9. HP: 77/79 MP: 8/8
  5675 | D:7      | Noticed Duvessa
  5675 | D:7      | Noticed Dowan
  5687 | D:7      | Noticed Maggie
  6102 | D:7      | Found a glowing golden altar of the Shining One.
  6461 | D:7      | Killed Duvessa
  6473 | D:7      | Killed Maggie
  6500 | D:7      | Killed Dowan
  6923 | D:7      | Found a staircase to the Ecumenical Temple.
  7104 | Temple   | Entered the Ecumenical Temple
  7918 | D:8      | Found a hazy altar of Hepliaklqana.
  8029 | D:9      | Reached XP level 10. HP: 47/91 MP: 9/9
  8368 | D:9      | Noticed Jeremiah
  8384 | D:9      | Killed Jeremiah
  8826 | D:9      | Found a sparkling altar of Nemelex Xobeh.
  9051 | D:9      | Noticed Erolcha
  9062 | D:9      | HP: 1/93 [Erolcha/+0 giant spiked club (20)]
  9066 | D:9      | Killed Erolcha
  9067 | D:9      | Reached skill level 10 in Fighting
  9435 | D:10     | Entered Level 10 of the Dungeon
  9441 | D:10     | Found a broken altar of Ashenzari.
  9500 | D:10     | Reached skill level 10 in Armour
  9826 | D:10     | Reached XP level 11. HP: 79/101 MP: 10/10
 10060 | D:10     | Found an opulent altar of Gozag.
 10064 | D:10     | Became a worshipper of Gozag Ym Sagoz the Greedy
 10070 | D:10     | Found an ornate altar of the Wu Jian Council.
 10079 | D:10     | Reached skill level 10 in Dodging
 10097 | D:10     | Found a glowing silver altar of Zin.
 10100 | D:10     | Found a snail-covered altar of Cheibriados.
 10277 | D:10     | Found an ancient bone altar of Kikubaaqudgha.
 10472 | D:10     | Noticed a deep elf zephyrmancer
 10475 | D:10     | Noticed a deep elf pyromancer
 10484 | D:10     | Killed a deep elf pyromancer
 10486 | D:10     | Killed a deep elf zephyrmancer
 11078 | D:11     | Reached skill level 10 in Maces & Flails
 11135 | D:11     | Found a staircase to the Lair.
 11418 | D:11     | Found a staircase to the Orcish Mines.
 12085 | D:12     | Noticed Frances
 12140 | D:12     | Found a gate leading to a gauntlet.
 12149 | Gauntlet | Entered a Gauntlet
 12149 | Gauntlet | Found a transporter.
 12149 | Gauntlet | Found a runed translucent door.
 12149 | Gauntlet | Found a runed translucent door.
 12149 | Gauntlet | Found a transporter.
 12149 | Gauntlet | Found a transporter.
 12200 | Gauntlet | Found a transporter.
 12203 | Gauntlet | Found a transporter.
 12211 | Gauntlet | Found a transporter.
 12215 | Gauntlet | Found a transporter.
 12230 | Gauntlet | Found a transporter.
 12236 | Gauntlet | Found a large runed translucent door.
 12236 | Gauntlet | Noticed a death scarab
 12237 | Gauntlet | Found a large runed translucent door.
 12238 | Gauntlet | Found a large runed translucent door.
 12238 | Gauntlet | Found a large runed translucent door.
 12239 | Gauntlet | Found a runed translucent gate.
 12239 | Gauntlet | Noticed a death scarab
 12240 | Gauntlet | Found a transporter.
 12240 | Gauntlet | Found a runed translucent gate.
 12241 | Gauntlet | Found a large runed translucent door.
 12241 | Gauntlet | Found a large runed translucent door.
 12241 | Gauntlet | Found a runed translucent door.
 12242 | Gauntlet | Found a large runed translucent door.
 12243 | Gauntlet | Found a large runed translucent door.
 12245 | Gauntlet | Found a transporter.
 12248 | Gauntlet | Found a transporter.
 12259 | Gauntlet | Found a transporter.
 12309 | Gauntlet | Found a large runed translucent door.
 12310 | Gauntlet | Found a large runed translucent door.
 12311 | Gauntlet | Found a large runed translucent door.
 12311 | Gauntlet | Found a large runed translucent door.
 12311 | Gauntlet | Found a runed translucent door.
 12312 | Gauntlet | Found a large runed translucent door.
 12313 | Gauntlet | Found a large runed translucent door.
 12314 | Gauntlet | Found a large runed translucent door.
 12314 | Gauntlet | Found a large runed translucent door.
 12315 | Gauntlet | Found a runed translucent gate.
 12503 | Gauntlet | Identified the +0 pair of boots of Ycsol {rF++ SInv}
 12597 | Gauntlet | Killed a death scarab
 12598 | Gauntlet | Killed a death scarab
 12941 | Gauntlet | Noticed a minotaur
 12958 | Gauntlet | Killed a minotaur
 12959 | Gauntlet | Reached XP level 12. HP: 82/112 MP: 11/11
 14045 | D:12     | Killed Frances
 15164 | D:1      | Bought a potion of might for 48 gold pieces
 15164 | D:1      | Bought a potion of heal wounds for 60 gold pieces
 15164 | D:1      | Bought a potion of heal wounds for 60 gold pieces
 15164 | D:1      | Bought a potion of heal wounds for 60 gold pieces
 15164 | D:1      | Bought a potion of might for 48 gold pieces
 15208 | D:1      | Bought a potion of heal wounds for 50 gold pieces
 15208 | D:1      | Bought a potion of haste for 100 gold pieces
 15208 | D:1      | Bought a potion of resistance for 100 gold pieces
 15208 | D:1      | Bought 2 potions of haste for 200 gold pieces
 15208 | D:1      | Bought a potion of haste for 100 gold pieces
 15208 | D:1      | Bought a potion of heal wounds for 50 gold pieces
 15208 | D:1      | Bought a potion of heal wounds for 50 gold pieces
 15208 | D:1      | Bought a potion of invisibility for 80 gold pieces
 15208 | D:1      | Bought a potion of curing for 30 gold pieces
 15241 | D:1      | Bought a potion of curing for 36 gold pieces
 15241 | D:1      | Bought a potion of curing for 36 gold pieces
 15326 | D:3      | Bought a scroll of blinking for 97 gold pieces
 15326 | D:3      | Bought a scroll of teleportation for 39 gold pieces
 15634 | Lair:1   | Entered Level 1 of the Lair of Beasts
 15658 | Lair:1   | You fall into a shaft and drop 1 floor!
 16006 | Lair:2   | Found a large runed translucent door.
 16007 | Lair:2   | Found a large runed translucent door.
 16010 | Lair:2   | Noticed Gejouske's ghost (journeyman GrFi)
 16094 | Lair:1   | Found a runed translucent door.
 16101 | Lair:1   | Identified the +5 spear of Egos Vufi {elec, rF+ MP+9 Int+4}
 16103 | Lair:1   | Noticed blanketernal's ghost (journeyman MiGl)
 16112 | Lair:1   | Noticed Harold
 16118 | Lair:1   | Noticed Grum
 16129 | Lair:1   | Killed Harold
 16147 | Lair:1   | Killed Grum
 16491 | Lair:1   | Noticed Amaemon
 16506 | Lair:1   | Killed Amaemon
 16803 | Lair:1   | Noticed Gastronok
 16816 | Lair:1   | Killed Gastronok
 16817 | Lair:1   | Reached XP level 13. HP: 100/123 MP: 12/12
 17386 | Lair:1   | Killed blanketernal's ghost
 17951 | D:3      | Bought a scroll of enchant weapon for 97 gold pieces
 17951 | D:3      | Bought a scroll of fear for 52 gold pieces
 17951 | D:3      | Bought a scroll of teleportation for 39 gold pieces
 17951 | D:3      | Bought a scroll of teleportation for 39 gold pieces
 17951 | D:3      | Bought a scroll of fog for 52 gold pieces
 17951 | D:3      | Bought a scroll of fog for 52 gold pieces
 18253 | D:11     | Learned a level 1 spell: Sandblast
 18446 | Lair:2   | Killed Gejouske's ghost
 18453 | Lair:2   | Identified the staff "Wiazias" {Fly rElec rC+ rN+ Necro}
 18621 | Lair:2   | Reached skill level 1 in Evocations
 18621 | Lair:2   | Found a transporter.
 18631 | Lair:2   | Reached skill level 1 in Earth Magic
 18850 | Lair:2   | Found a transporter.
 18892 | Lair:2   | Found a staircase to the Shoals.
 19471 | Orc:1    | Entered Level 1 of the Orcish Mines
 19480 | Orc:1    | Found a transporter.
 19488 | Orc:1    | Noticed an orc warlord
 19502 | Orc:1    | Found a transporter.
 19507 | Orc:1    | Noticed a white very ugly thing
 19861 | Orc:1    | Found Lamanwac's Firing Range.
 19912 | Orc:1    | Bought a throwing net for 39 gold pieces
 19912 | Orc:1    | Bought a throwing net for 39 gold pieces
 19912 | Orc:1    | Bought 2 throwing nets for 78 gold pieces
 19912 | Orc:1    | Bought 2 throwing nets for 78 gold pieces
 20122 | Orc:1    | Noticed Defao's ghost (journeyman MiBe)
 20148 | Orc:1    | Found a one-way gate to the infinite horrors of the Abyss.
 20242 | Orc:1    | Killed an orc warlord
 20255 | Orc:1    | HP: 1/125 [white very ugly thing (34)]
 20269 | Orc:1    | Killed Defao's ghost
 20272 | Orc:1    | Killed a white very ugly thing
 20353 | Orc:1    | Got Lugonu's Compendium of the Singularity
 20388 | Orc:1    | Identified the ring of Zedghus {Wiz rPois}
 20458 | Orc:2    | Entered Level 2 of the Orcish Mines
 20458 | Orc:2    | Found a staircase to the Elven Halls.
 20600 | Orc:2    | Noticed Maurice
 20602 | Orc:2    | Found a bloodstained altar of Trog.
 20611 | Orc:2    | Killed Maurice
 20722 | Orc:2    | Reached XP level 14. HP: 133/133 MP: 13/13
 20812 | Orc:2    | Reached skill level 15 in Fighting
 21041 | Orc:2    | Reached skill level 15 in Armour
 21089 | Orc:2    | Found Mucedaar's Jewellery Shoppe.
 21089 | Orc:2    | Found Garonug's Jewellery Shop.
 21194 | Orc:2    | Found Ifuod's Weapon Shop.
 21194 | Orc:2    | Found Assogh's Magic Scroll Emporium.
 21215 | Orc:2    | Bought a scroll of identify for 22 gold pieces
 21215 | Orc:2    | Bought a scroll of identify for 22 gold pieces
 21215 | Orc:2    | Bought a scroll of identify for 22 gold pieces
 21215 | Orc:2    | Bought a scroll of brand weapon for 104 gold pieces
 21215 | Orc:2    | Bought a scroll of enchant armour for 82 gold pieces
 21215 | Orc:2    | Bought a scroll of enchant armour for 82 gold pieces
 21215 | Orc:2    | Bought 2 scrolls of acquirement for 1144 gold pieces
 21215 | Orc:2    | Bought a scroll of teleportation for 33 gold pieces
 21538 | D:13     | Reached skill level 5 in Evocations
 21622 | D:13     | Found a gate to the Vaults.
 21622 | D:13     | Noticed an ironbound preserver
 21665 | D:13     | Killed an ironbound preserver
 22029 | D:13     | Reached skill level 5 in Earth Magic
 22745 | D:11     | Bought a scroll of blinking for 150 gold pieces
 22745 | D:11     | Bought a scroll of enchant armour for 150 gold pieces
 22745 | D:11     | Bought a scroll of enchant armour for 150 gold pieces
 22961 | Lair:3   | Found a runed translucent door.
 23167 | Lair:3   | Found a staircase to the Snake Pit.
 23516 | Lair:3   | Found a shimmering altar of Xom.
 23516 | Lair:3   | Noticed Jelor's ghost (journeyman DrIE)
 23898 | Lair:3   | Killed Jelor's ghost
 23949 | Lair:3   | Reached skill level 15 in Dodging
 24052 | Lair:4   | Reached XP level 15. HP: 142/144 MP: 14/14
 24295 | Lair:4   | Reached skill level 1 in Axes
 24794 | Lair:5   | Entered Level 5 of the Lair of Beasts
 25337 | Lair:5   | Found a runed translucent door.
 25337 | Lair:5   | Found a viscous altar of Jiyva.
 25337 | Lair:5   | Found a staircase to the Slime Pits.
 25337 | Lair:5   | Noticed an azure jelly
 25357 | Lair:5   | Killed an azure jelly
 26459 | D:11     | Bought a scroll of revelation for 150 gold pieces
 26520 | Elf:1    | Entered Level 1 of the Elven Halls
 26594 | Elf:1    | Found a crumbling gateway.
 26603 | Elf:1    | Found Juug's Distillery.
 26605 | Elf:1    | Found Xizudwiny's Assorted Antiques.
 26605 | Elf:1    | Found Imot Zash's Distillery.
 26613 | Elf:1    | Bought a potion of curing for 96 gold pieces
 26613 | Elf:1    | Bought a scroll labelled FOATHI ECRURPHYIDAS for 32 gold
                  | pieces
 26657 | Elf:1    | Reached skill level 5 in Axes
 26756 | Elf:1    | Bought a potion of curing for 51 gold pieces
 26756 | Elf:1    | Bought a potion of heal wounds for 85 gold pieces
 26756 | Elf:1    | Bought a potion of berserk rage for 85 gold pieces
 26756 | Elf:1    | Bought a potion of heal wounds for 85 gold pieces
 26758 | Elf:1    | Bought 2 potions of might for 160 gold pieces
 26758 | Elf:1    | Bought a potion of curing for 60 gold pieces
 26758 | Elf:1    | Bought a potion of curing for 60 gold pieces
 26758 | Elf:1    | Bought a potion of curing for 60 gold pieces
 26927 | Desolati | Entered the Desolation of Salt
 27353 | Desolati | Identified the +2 buckler of the Cuttlefish {Harm rC+ Str+2
                  | Stlth+}
 27532 | Desolati | Reached XP level 16. HP: 126/155 MP: 15/15
 27914 | Desolati | Identified the ring of Autumn {Fly Dex+3}
 27916 | Desolati | Identified the +9 spear of Oily Indomitability {heavy,
                  | Int+4 Dex-5}
 27933 | Desolati | Got Sif Muna's Atlas of Summoning
 28057 | Desolati | Identified the ring "Qouff" {rPois Str+3 SInv}
 28199 | Desolati | Identified the ring of Jempaam {AC+4 Int+3}
 29376 | D:11     | Acquired the +0 pair of gloves "Liupanlo" {rElec rF+ Regen+
                  | Int+2}
 29560 | Orc:2    | Bought a +0 broad axe for 56 gold pieces
 30138 | D:14     | Paralysed by an efreet for 3 turns
 30145 | D:14     | Reached skill level 10 in Axes
 30323 | D:15     | Entered Level 15 of the Dungeon
 30768 | D:15     | Found a broken altar of Ashenzari.
 30914 | D:15     | Found a staircase to the Depths.
 31491 | Shoals:1 | Entered Level 1 of the Shoals
 31631 | Shoals:1 | Reached XP level 17. HP: 148/163 MP: 16/16
 31852 | Shoals:1 | Noticed a titan
 31865 | Shoals:1 | Slain by a frost giant

Illustrated notes

Levels and vault maps discovered:
D:1:      dpeg_cavernosity, layout_basic, serial_shops, shop, shop
D:2:      layout_rooms
D:3:      layout_basic, lemuel_round_altar, fedhas_altar_1, serial_shops,
          nicolae_square_shop
D:4:      cheibrodos_fertilizer, layout_gridville, fiery_altar_vehumet,
          general_overflow_altar, marbit_many_paths, nicolae_elemental_shop
D:5:      layout_basic, gup_sewer_entry_glass, amcnicky_mini_pool_medium
D:6:      layout_basic
D:7:      layout_rooms, old_standard_altar, minmay_temple_entry_enclosed_plants,
          serial_rivers, chequers_serial_rivers_marsh,
          chequers_serial_rivers_room_b, chequers_serial_rivers_room_b,
          chequers_serial_rivers_large_a, uniq_maggie, uniq_duvessa
D:8:      layout_loops_ring, nicolae_hepliaklqana_hippocampus,
          roderic_lattice_a, mrwooster_statue_mirror
D:9:      layout_cross, amcnicky_altar_gilded, uniq_jeremiah, uniq_erolcha
D:10:     layout_long_grid, kennysheep_vampire_church,
          mainiacjoe_overflow_six_doors_small, grunt_temple_overflow_cloverleaf,
          hangedman_minor_magic
D:11:     layout_loops_ring, david_lair_generic, orc_0_dummy
D:12:     layout_grid_maze, gauntlet_entry_generic, uniq_frances
D:13:     layout_rooms, skrybe_vaults_entry_preservation, grunt_ministairs_12
D:14:     layout_roguey, hangedman_abyss_or_decor_slice
D:15:     hellmonk_depths_entry_around_the_bend, layout_loops_ring,
          ashenzari_altar_1
Temple:   nicolae_temple_godpark
Lair:1:   layout_cave_pods, ebering_ghost_funeral_grove, serial_bayou_shore_b,
          grunt_megastairs_4, serial_bayou_shore_b, uniq_amaemon, uniq_harold,
          uniq_grum, uniq_gastronok
Lair:2:   gammafunk_cloud_chamber, layout_regular_city,
          elwin_shoals_entry_stream, ebering_ghost_disaster_area
Lair:3:   layout_cave_pods, minmay_snake_entry_guardpost_small,
          ebering_ghost_xom, nicolae_lair_grove_arrangements,
          minmay_lair_oklob_items, lemuel_fruit_fields
Lair:4:   layout_cave_pods
Lair:5:   grunt_lair_end_beastmaster, layout_cave_pods, slime_entry_2,
          lemuel_fruit_tree, grunt_megastairs_1, serial_bayou_shore_a,
          infiniplex_staircase_pool_2
Shoals:1: cheibrodos_shoals_gigantism, layout_shoals,
          nicolae_shoals_abyss_on_the_beach, uniq_donald
Orc:1:    layout_caves, gammafunk_ghost_abyssal_escape,
          nicolae_shop_firing_range
Orc:2:    st_orc_ogre_mass, layout_caves, basic_altar, uniq_maurice
Elf:1:    layout_loops_corners, special_room [special_room_mythical_zoo],
          portal_desolation_entry_nicolae_nacl, serial_sigils,
          serial_sigils_hangedman_writhe, serial_sigils_hangedman_scratch,
          serial_sigils_hangedman_shear, serial_sigils_hangedman_leer,
          serial_sigils_hangedman_stare, nicolae_wooded_promenade

Skill      XL: |  1  2  3  4  5  6  7  8  9 10 11 12 13 14 15 16 17 |
---------------+----------------------------------------------------+-----
Staves         | 4 5 |  5.2
Armour         | 1 2 3 4 5 7 8 10 11 13 14 15 17 18 | 18.0
Fighting       | 3 4 6 7 9 10 12 13 14 16 17 18 | 18.0
Dodging        | 4 5 6 7 8 9 11 12 14 15 16 17 | 17.0
Maces & Flails | 2 3 5 7 9 11 | 11.7
Evocations     | 3 6 |  6.0
Earth Magic    | 3 5 |  5.4
Axes           | 6 12 13 | 13.2
Throwing       | |  2.0

Action                     |  1- 3 |  4- 6 |  7- 9 | 10-12 | 13-15 | 16-18 || total
---------------------------+-------+-------+-------+-------+-------+-------++-------
  Melee: Quarterstaff      |    70 |   103 |       |       |       |       ||   173
         Headbutt          |    17 |    22 |    44 |   158 |   409 |   205 ||   855
         Whip              |       |    22 |   257 |   582 |  1332 |   350 ||  2543
         Punch             |       |       |     3 |     1 |       |       ||     4
         Staff             |       |       |       |       |     1 |    41 ||    42
         Broad axe         |       |       |       |       |       |   230 ||   230
  Throw: Javelin           |       |       |       |       |     2 |       ||     2
 Invoke: Call Merchant     |       |       |       |       |     1 |       ||     1
         Potion Petition   |       |       |       |       |     1 |       ||     1
    Use: Scroll            |       |     1 |     1 |    11 |    18 |    14 ||    45
         Potion            |       |       |       |     3 |    17 |     1 ||    21
   Stab: Sleeping          |       |     1 |     3 |       |       |       ||     4
         Distracted        |       |       |       |     3 |    14 |     3 ||    20
         Invisible         |       |       |       |       |     3 |       ||     3
 Armour: Leather armour    |    35 |    63 |   112 |    56 |       |       ||   266
         Pearl dragon scal |       |       |       |   213 |   501 |   384 ||  1098
  Dodge: Dodged            |    41 |    98 |   168 |   226 |   546 |   417 ||  1496

Table legend: (Time is in decaauts)
 A = Elapsed time spent in this place.
 B = Non-inter-level travel time spent in this place.
 C = Inter-level travel time spent in this place.
 D = Time resting spent in this place.
 E = Time spent auto-exploring this place.
 F = Levels seen in this place.
 G = Mean time per level.
                   A        B        C        D        E       F      G
               +--------+--------+--------+--------+--------+-----+--------+
         Total |  30597 |  26634 |   3963 |   4774 |  15324 |  28 | 1092.8 |
       Dungeon |  17406 |  14438 |   2968 |   2760 |   8737 |  15 | 1160.4 |
        Temple |      1 |      1 |      0 |      0 |      0 |   1 |    1.0 |
          Lair |   6585 |   5983 |    602 |    999 |   3868 |   5 | 1317.0 |
        Shoals |    394 |    394 |      0 |      0 |    224 |   1 |  394.0 |
  Orcish Mines |   2210 |   1854 |    356 |    182 |   1114 |   2 | 1105.0 |
   Elven Halls |    704 |    667 |     37 |    121 |     22 |   1 |  704.0 |
         Sewer |    823 |    823 |      0 |      0 |    563 |   1 |  823.0 |
    Desolation |   1504 |   1504 |      0 |    308 |    587 |   1 | 1504.0 |
      Gauntlet |    966 |    966 |      0 |    404 |    207 |   1 |  966.0 |
               +--------+--------+--------+--------+--------+-----+--------+

Top non-repeatable levels by time:
    D:12: 2032 daAuts
  Lair:1: 1940 daAuts
    D:10: 1727 daAuts
    D:11: 1636 daAuts
Desolation: 1504 daAuts
  Lair:5: 1423 daAuts
  Lair:2: 1350 daAuts
     D:4: 1327 daAuts
     D:5: 1302 daAuts
     D:9: 1293 daAuts
   Orc:2: 1201 daAuts
     D:1: 1188 daAuts
     D:7: 1164 daAuts
     D:8: 1124 daAuts
  Lair:3: 1043 daAuts
